 Dungeon Crawl Stone Soup version 0.31-a0-431-g88bdf31460 (webtiles) character file.

Game seed: 12864354331348979805

6 Ofeo the Ruffian (level 1, 9/15 HPs)
             Began as a Demonspawn Shapeshifter on July 31, 2023.
             Quit the game on level 1 of the Dungeon.
             The game lasted 00:00:17 (88 turns).

Ofeo the Ruffian (Demonspawn Shapeshifter)            Turns: 88, Time: 00:00:18

Health: 9/15       AC:  2    Str: 15    XL:     1   Next: 75%
Magic:  1/1        EV: 12    Int:  9    God:
Gold:   12         SH:  0    Dex: 13    Spells: 0/0 levels left

rFire   . .          .
                       - Unarmed
rCold   . . .        (no shield)
rNeg    . . .        a - +0 animal skin
rPois   .            (helmet currently unavailable)
rElec   .            (cloak currently unavailable)
rCorr   .            (gloves currently unavailable)
SInv    .            (boots currently unavailable)
Will    .....        (no amulet)
Stlth   +            (no ring)
HPRegen 0.22/turn    (no ring)
MPRegen 0.07/turn

%: no passive effects
@: beast-form
A: beast (slay +1)
a: Begin Untransformation


You were on level 1 of the Dungeon.
You were a hulking beast.
You visited 1 branch of the dungeon, and saw 1 of its levels.

You collected 12 gold pieces.

Inventory:

Armour
 a - a +0 animal skin (worn)
Talismans
 c - a beast talisman (active)
Scrolls
 d - a scroll of identify {unknown}
Potions
 b - a potion of lignification


   Skills:
 + Level 1.4 Fighting
 + Level 2.1 Dodging
 - Level 2.6 Unarmed Combat
 - Level 2.6 Shapeshifting


You couldn't memorise any spells.
You didn't know any spells.
Your spell library was empty.

Dungeon Overview and Level Annotations

Branches:
Dungeon (1/15)

Altars:


Message History

You hit the kobold.
The kobold is severely wounded.
The kobold barely misses you.
You barely miss the kobold.
The kobold is severely wounded.
The kobold closely misses you. The goblin barely misses you.
You hit the kobold.
You kill the kobold!
The goblin hits you with a +0 dagger.
Your Dodging skill increases to level 2!
You take 2 damage, and have 13/15 hp.
You hit the goblin.
You kill the goblin!
No target in view!
No target in view!
You see here a +0 robe.
A dart slug comes into view.
Found a spear.
Health restored: 15 A dart slug is nearby!
A dart slug is nearby!
A dart slug is nearby!
The dart slug launches a dart at you. The slug dart hits you.
You take 2 damage, and have 13/15 hp.
You hit the dart slug.
The dart slug is moderately wounded.
You hit the dart slug.
The dart slug is heavily wounded.
The dart slug launches a dart at you. The slug dart hits you.
You take 4 damage, and have 9/15 hp.
MASSIVE DAMAGE!!
You are too injured to fight recklessly!
You are too injured to fight recklessly!
You are too injured to fight recklessly!
You are too injured to fight recklessly!
You are too injured to fight recklessly!
A dart slug is nearby!
A dart slug is nearby!
Are you sure you want to abandon this character and quit the game? (Confirm with "yes".)

......# #.#####.## ..
#........#.#.#.# ..
##.#######.#.#.#..
#†#...# ....#)#. #...#
....... #†..####. ##..#
#.....#.# #...#########
#....##.###.#..hw.....+
#...#..8[.#...#########
###.###.##....+
..#.#.#.....#
...##..####...#
..........)#...#
.......#.#)....#
.......#.......#
.......#.......#


You could see a dart slug.

Vanquished Creatures
  A goblin (D:1)
  2 hobgoblins (D:1)
  A kobold (D:1)
  A ball python (D:1)
5 creatures vanquished.

Notes
Turn   | Place    | Note
-------+----------+-------------------------------------------
     0 | D:1      | Ofeo the Demonspawn Shapeshifter began the quest for the
                  | Orb.
     0 | D:1      | Reached XP level 1. HP: 15/15 MP: 1/1
    88 | D:1      | Quit the game

Illustrated notes

Levels and vault maps discovered:
D:1:      lemuel_arrival_behind_the_door_small, layout_basic, minmay_octomino_j4

Skill      XL: |  1 |
---------------+----+-----
Dodging        | 2 |  2.1
Fighting       | |  1.4
Unarmed Combat | |  2.6
Shapeshifting  | |  2.6

Action                     || total
---------------------------++-------
  Melee: Unarmed           ||    21
 Armour: Animal skin       ||     3
  Dodge: Dodged            ||    12

Table legend: (Time is in decaauts)
 A = Elapsed time spent in this place.
 B = Non-inter-level travel time spent in this place.
 C = Inter-level travel time spent in this place.
 D = Time resting spent in this place.
 E = Time spent auto-exploring this place.
 F = Levels seen in this place.
 G = Mean time per level.
                   A        B        C        D        E       F      G
               +--------+--------+--------+--------+--------+-----+--------+
         Total |     87 |     87 |      0 |      0 |     50 |   1 |   87.0 |
       Dungeon |     87 |     87 |      0 |      0 |     50 |   1 |   87.0 |
               +--------+--------+--------+--------+--------+-----+--------+

Top non-repeatable levels by time:
     D:1: 87 daAuts
